General information
			
			
        
        - name: 1v1 OBS EI #1
 
        - type: Custom game
 
        - host: ActionJackson3
 
        - saver: TIMG4STRok
 
        
map: EchoIsles 
        - players: 8
 
        - length: 18:34
 
        - speed: Fast
 - version: 1.22 W3XP
 - replay type:  

 
» download(82 KB)
Players
        team 1 (winner) 
              
              
ActionJackson3 (
red | 155 APM | 2876 actions | 18:34)
              
 4 Archmage 
 2 Summon Water Elemental
 2 Brilliance Aura
 5 Mountain King 
 3 Storm Bolt
 2 Thunder Clap
 
                » actions 
                
                | Assign group hotkey | 60 |  | 
| Basic commands | 464 |  | 
| Build / train | 54 |  | 
| Enter build submenu | 17 |  | 
| Enter hero's abilities submenu | 9 |  | 
| Give item / drop item | 4 |  | 
| Right click | 702 |  | 
| Select / deselect | 332 |  | 
| Select group hotkey | 1158 |  | 
| Use ability | 76 |  | 
                2876 total
 » units 
                
                | Peasant | 8 |  | 
| Footman | 5 |  | 
| Rifleman | 6 |  | 
| Sorceress | 2 |  | 
| Priest | 3 |  | 
| Spell Breaker | 5 |  | 
                29 total
 » upgrades
                
                | Priest Training | 1 |  | 
| Sorceress Training | 1 |  | 
                2 total
 » buildings
                
                | Altar of Kings | 1 |  | 
| Barracks | 1 |  | 
| Farm | 9 |  | 
| Scout Tower | 1 |  | 
| Arcane Tower | 1 |  | 
| Keep | 1 |  | 
| Arcane Vault | 1 |  | 
| Blacksmith | 1 |  | 
| Arcane Sanctum | 2 |  | 
| Town Hall | 1 |  | 
                19 total
 » build order
                00:08 Altar of Kings
00:12 Barracks
00:18 Farm
00:46 Farm
01:38 Farm
01:58 Scout Tower
02:42 Arcane Tower
03:29 Keep
03:33 Arcane Vault
03:46 Farm
03:47 Farm
04:30 Blacksmith
05:54 Arcane Sanctum
06:41 Arcane Sanctum
07:07 Farm
08:34 Farm
09:06 Farm
09:46 Farm
18:12 Town Hall
» items
                
                | Boots of Speed | 1 |  | 
| Potion of Healing | 3 |  | 
| Potion of Lesser Invulnerability | 3 |  | 
| Scroll of Town Portal | 2 |  | 
| Scroll of Healing | 1 |  | 
                10 total
  
               team 2 (loser) 
              
              
TIMG4STRok (
gray | 148 APM | 2741 actions | 18:34)
              
 4 Blademaster 
 2 Wind Walk
 2 Critical Strike
 3 Shadow Hunter 
 1 Hex
 2 Healing Wave
 
                » actions 
                
                | Assign group hotkey | 33 |  | 
| Basic commands | 64 |  | 
| Build / train | 67 |  | 
| ESC pressed | 2 |  | 
| Enter build submenu | 14 |  | 
| Enter hero's abilities submenu | 7 |  | 
| Give item / drop item | 5 |  | 
| Right click | 1279 |  | 
| Select / deselect | 289 |  | 
| Select group hotkey | 863 |  | 
| Use ability | 118 |  | 
                2741 total
 » units 
                
                | Peon | 7 |  | 
| Grunt | 7 |  | 
| Raider | 8 |  | 
| Spirit Walker | 5 |  | 
| Demolisher | 2 |  | 
                29 total
 » upgrades
                
                | Berserker Strength | 1 |  | 
| Ensnare | 1 |  | 
| Spirit Walker Training | 2 |  | 
| Pillage | 1 |  | 
| Armor | 1 |  | 
| Burning Oil | 1 |  | 
                7 total
 » buildings
                
                | Altar of Storms | 1 |  | 
| Orc Burrow | 5 |  | 
| Barracks | 1 |  | 
| Voodoo Lounge | 1 |  | 
| Stronghold | 3 |  | 
| Spirit Lodge | 2 |  | 
| Beastiary | 1 |  | 
| War Mill | 1 |  | 
| Fortress | 1 |  | 
                16 total
 » build order
                00:05 Altar of Storms
00:14 Orc Burrow
00:53 Barracks
01:24 Orc Burrow
02:11 Voodoo Lounge
02:47 Stronghold
02:48 Stronghold
03:59 Orc Burrow
05:17 Spirit Lodge
05:20 Beastiary
05:44 Orc Burrow
06:26 Spirit Lodge
09:30 War Mill
10:21 Fortress
11:04 Orc Burrow
» items
                
                | Healing Salve | 5 |  | 
| Lesser Clarity Potion | 6 |  | 
| Boots of Speed | 1 |  | 
| Scroll of Speed | 1 |  | 
| Potion of Healing | 2 |  | 
| Claws of Attack +6 | 1 |  | 
| Gloves of Haste | 1 |  | 
| Orb of Lightning | 1 |  | 
                18 total
  
               observerspielover89, 
greenstream, 
OneRacistCat, 
LaptopGaming, 
FOREVEROWNAGE, 
CutOffBothBalls Chat log
          (00:08 / All) TIMG4STRok: gg gl
(00:15 / All) ActionJackson3: hf
(00:28 / All) ActionJackson3: my lower HD channels not comin in HD quality with comcast
(00:31 / All) ActionJackson3: those fucknuts
(00:39 / All) TIMG4STRok: time warner got free hd wahoo
(01:01 / All) ActionJackson3: I'm payin $140/mo for cable&internet with these shitheads
(01:05 / All) TIMG4STRok: that's a lot
(01:21 / All) ActionJackson3: $30 for HBO + Showtime
(01:35 / All) ActionJackson3: I need HBO man
(01:39 / All) TIMG4STRok: of course.....
(01:46 / All) TIMG4STRok: showtime has dexter though
(01:48 / All) TIMG4STRok: so thats #1
(02:34 / All) ActionJackson3: WTF
(02:36 / All) ActionJackson3: maphack!
(02:45 / All) ActionJackson3: you sonofa
(03:27 / All) ActionJackson3: hay wtf
(04:12 / All) ActionJackson3: holywtf
(04:26 / All) TIMG4STRok: oops
(04:34 / All) ActionJackson3: you did it again?
(04:37 / All) ActionJackson3: played with my heart
(04:39 / All) ActionJackson3: got lost in the game?
(04:45 / All) TIMG4STRok: how do you know the words
(04:47 / All) TIMG4STRok: that aint right..
(04:51 / All) ActionJackson3: that's all I know
(04:53 / All) ActionJackson3: honestly
(18:32 / All) TIMG4STRok: gg